 Dungeon Crawl Stone Soup version 0.28-a0-265-g048bc9fd10 (webtiles) character file.

Game seed: 313858776824563537

348 Shayle the Ducker (level 6, -1/47 HPs)
             Began as a Djinni Warper on Aug 27, 2021.
             Was an Initiate of Makhleb.
             Slain by a water moccasin (5 damage)
             ... on level 3 of the Dungeon.
             The game lasted 00:18:33 (6098 turns).

Shayle the Ducker (Djinni Warper)                   Turns: 6098, Time: 00:18:34

Health: -1/47      AC:  6    Str: 10    XL:     6   Next: 91%
Gold:   209        EV: 12    Int: 17    God:    Makhleb [......] SH:  0 Dex: 12

rFire   + + .      SeeInvis .   g - +0 rapier (venom)
rCold   x . .      Faith    .   (no shield)
rNeg    . . .      Spirit   .   a - +0 leather armour
rPois   ∞          Reflect  .   (no helmet)
rElec   .          Harm     .   (no cloak)
rCorr   .          Rampage  .   l - +2 pair of gloves
Will    .....                   (boots unavailable)
Stlth   +.........              (no amulet)
HPRegen 0.15/turn               (no ring)
MPRegen 0.00/turn               (no ring)

@: flying
A: sickness immunity, fire resistance 2, cold vulnerability 1, float, innate
caster, hp casting, extra vitality 1, mutation resistance 1
a: Renounce Religion


You were on level 3 of the Dungeon.
You worshipped Makhleb.
Makhleb was noncommittal.
You visited 2 branches of the dungeon, and saw 6 of its levels.

You collected 209 gold pieces.

Inventory:

Hand Weapons
 d - a +0 short sword
 g - a +0 rapier of venom (weapon)
Missiles
 j - 8 boomerangs (quivered)
Armour
 a - a +0 leather armour (worn)
 l - a +2 pair of gloves (worn)
Wands
 k - a wand of digging (6)
Scrolls
 b - a scroll of identify
 e - 2 scrolls of fog
Potions
 i - a potion of attraction


   Skills:
 + Level 3.7 Fighting
 - Level 0.7 Throwing
 - Level 1.0 Armour
 + Level 4.1 Dodging
 + Level 3.7 Unarmed Combat
 + Level 3.4 Spellcasting


You couldn't memorise any spells.
You knew the following spells:

 Your Spells              Type           Power      Damage    Failure   Level
a - Blink                 Tloc           N/A        N/A       9%          2
b - Lesser Beckoning      Tloc           7%         N/A       17%         3
c - Gell's Gravitas       Tloc           7%         N/A       17%         3
d - Teleport Other        Tloc           14%        N/A       17%         3
e - Manifold Assault      Tloc           14%        N/A       83%         5
f - Corona                Hex            15%        N/A       5%          1
g - Static Discharge      Conj/Air       14%        N/A       9%          2
Your spell library was empty.

Dungeon Overview and Level Annotations

Branches:
Dungeon (5/15)             Temple (1/1) D:5

Altars:
Ashenzari
Cheibriados
Dithmenos
Fedhas
Gozag
Kikubaaqudgha
Makhleb
Nemelex Xobeh
Okawaru
Sif Muna
Trog
Uskayaw
Vehumet
Wu Jian
Xom
The Shining One


Innate Abilities, Weirdness & Mutations

You are immune to sickness and miasma.
You are immune to poison.
Your flesh is very heat resistant. (rF++)
You are vulnerable to cold. (rC-)
You float through the air rather than walking.
You learn spells naturally, not from books.
Your magical power is your life essence.
You have superior vitality. (+4 HP)
You are somewhat resistant to further mutation.


Message History

The water moccasin misses you.
You miss the water moccasin.
The water moccasin is lightly wounded.
The water moccasin bites you but does no damage.
The water moccasin bites you.
* * * LOW HITPOINT WARNING * * *
Okay, then.
Okay, then.
Casting: Blink (safe; 9% risk of failure)
Confirm with . or Enter, or press ? or * to list all spells.
You blink.
* * * LOW HITPOINT WARNING * * *
The water moccasin bites you but does no damage.
The water moccasin closely misses you.
The water moccasin looks more healthy.
The water moccasin completely misses you.
There is a stone staircase leading up here.
Casting: Blink (safe; 9% risk of failure)
Confirm with . or Enter, or press ? or * to list all spells.
You blink.
* * * LOW HITPOINT WARNING * * *
The water moccasin closely misses you.
Okay, then.
The water moccasin bites you but does no damage.
The water moccasin bites you but does no damage.
Casting: Blink (safe; 9% risk of failure)
Confirm with . or Enter, or press ? or * to list all spells.
You blink.
* * * LOW HITPOINT WARNING * * *
There is a stone staircase leading up here.
The water moccasin bites you but does no damage.
You fly upwards.
There is a stone staircase leading down here.
Unknown command.
You miss the water moccasin. Your punch misses the water moccasin.
The water moccasin is moderately wounded.
The water moccasin bites you.
* * * LOW HITPOINT WARNING * * *
The water moccasin bites you.
You die...

####################
...................#
##########
##################.#
#...†....#
.......[........@#.#
#.######.#
###._..#.......S.#.#
#.# #.#
###....#########.#.#
#.# #.#
...............#.#.#
#.# #.#
######.#######.#.#.#
#.# #.# #.# #.#.#.#
#.# #.# ##'##
#.#.#.# #.# #.#
#...#
#.#.#.###.######.##
###...#
#.#.#<....#.......#


You could see a water moccasin.

Vanquished Creatures
  A sky beast (D:3)
  A centaur skeleton (D:4)
  A hound (D:5)
  A jelly (D:5)
  An orc wizard (D:4)
  A gnoll (D:5)
  7 adders
  An adder skeleton (D:2)
  3 dart slugs
  2 orcs
  4 endoplasms
  4 giant cockroaches
  5 hobgoblins
  6 jackals (D:1)
  5 kobolds
  3 quokkas (D:3)
  7 ball pythons
  5 bats
  A frilled lizard (D:2)
  6 goblins
  3 rats
68 creatures vanquished.

Vanquished Creatures (others)
  2 fungi (D:2)
  3 plants (D:2)
5 creatures vanquished.

Grand Total: 73 creatures vanquished

Notes
Turn   | Place    | Note
-------+----------+-------------------------------------------
     0 | D:1      | Shayle the Djinni Warper began the quest for the Orb.
     0 | D:1      | Reached XP level 1. HP: 18/18 MP: 0/0
   510 | D:1      | Reached XP level 2. HP: 22/23 MP: 0/0
  1182 | D:1      | Reached XP level 3. HP: 24/29 MP: 0/0
  1182 | D:1      | Learned a level 1 spell: Corona
  2264 | D:2      | Reached XP level 4. HP: 15/34 MP: 0/0
  2453 | D:2      | Found a faded altar of an unknown god.
  2737 | D:2      | Reached skill level 3 in Dodging
  3034 | D:3      | Noticed a +0 hand axe
  3034 | D:3      | Noticed a +0 dagger
  3034 | D:3      | Found a hide-covered altar of Uskayaw.
  3552 | D:3      | Reached XP level 5. HP: 40/40 MP: 0/0
  3552 | D:3      | Learned a level 2 spell: Static Discharge
  3578 | D:3      | Found an opulent altar of Gozag.
  3720 | D:3      | Found an ornate altar of the Wu Jian Council.
  4271 | D:5      | Entered Level 5 of the Dungeon
  4349 | D:5      | Found a staircase to the Ecumenical Temple.
  4408 | D:5      | Reached XP level 6. HP: 46/46 MP: 0/0
  4414 | Temple   | Entered the Ecumenical Temple
  4471 | Temple   | Became a worshipper of Makhleb the Destroyer
  4586 | D:5      | Noticed a troll
  4864 | D:5      | Noticed a water moccasin
  5160 | D:5      | Gained mutation: You are somewhat resistant to further
                  | mutation. [potion of mutation]
  5232 | D:4      | HP: 1/46 [adder (2)]
  5243 | D:3      | HP: 2/46 [adder (1)]
  5706 | D:4      | Noticed a sky beast
  5822 | D:4      | Noticed a water moccasin
  5828 | D:3      | Killed a sky beast
  5829 | D:3      | Reached skill level 4 in Dodging
  6098 | D:3      | Slain by a water moccasin

Illustrated notes

Levels and vault maps discovered:
D:1:      doesnt_arrival_eight_statues, layout_basic
D:2:      layout_basic, shapermc_ecumenical_altar_mp_urbaneastern,
          small_statue_intersection
D:3:      layout_basic, nicolae_gozag_seed_capital, nzn_wu_jian_contemplation,
          dancing_weapons_uskayaw
D:4:      layout_rooms, grunt_ministairs_2, uniq_grinder
D:5:      layout_basic, minmay_temple_entry_statues, uniq_eustachio
Temple:   regret_index_temple_mists

Skill      XL: |  1  2  3  4  5  6 |
---------------+-------------------+-----
Dodging        | 3 4 |  4.1
Fighting       | 3 |  3.7
Unarmed Combat | 3 |  3.7
Spellcasting   | 3 |  3.4
Throwing       | |  0.7
Armour         | |  1.0

Action                   |  1- 3 |  4- 6 || total
-------------------------+-------+-------++-------
Melee: Unarmed           |    12 |       ||    12
       Short sword       |   138 |   199 ||   337
       Punch             |       |     2 ||     2
       Rapier            |       |    35 ||    35
Throw: Boomerang         |       |     6 ||     6
       Throwing net      |       |     1 ||     1
 Cast: Teleport Other    |       |     6 ||     6
       Static Discharge  |       |     6 ||     6
       Blink             |       |     5 ||     5
  Use: Scroll            |       |     7 ||     7
       Potion            |       |     2 ||     2
 Stab: Sleeping          |       |     1 ||     1
Armor: Leather armour    |    37 |    95 ||   132
Dodge: Dodged            |    95 |   207 ||   302

Table legend: (Time is in decaauts)
 A = Elapsed time spent in this place.
 B = Non-inter-level travel time spent in this place.
 C = Inter-level travel time spent in this place.
 D = Time resting spent in this place.
 E = Time spent auto-exploring this place.
 F = Levels seen in this place.
 G = Mean time per level.
                   A        B        C        D        E       F      G
               +--------+--------+--------+--------+--------+-----+--------+
         Total |   6149 |   5843 |    306 |   1857 |   2792 |   6 | 1024.8 |
       Dungeon |   6075 |   5785 |    290 |   1857 |   2753 |   5 | 1215.0 |
        Temple |     73 |     57 |     16 |      0 |     39 |   1 |   73.0 |
               +--------+--------+--------+--------+--------+-----+--------+

Top non-repeatable levels by time:
     D:1: 2117 daAuts
     D:3: 1832 daAuts
     D:2: 996 daAuts
     D:5: 818 daAuts
     D:4: 311 daAuts
  Temple: 73 daAuts
